 Dungeon Crawl Stone Soup version 0.31-a0-175-g9f7f995f2b (webtiles) character file.

Game seed: 13622278693107032391

249 Monkooky the Trooper (level 5, -2/46 HPs)
             Began as a Mummy Monk on June 17, 2023.
             Was a Believer of Ashenzari.
             Slain by a gnoll sergeant
             ... wielding a +0 trident
              (11 damage)
             ... on level 4 of the Dungeon.
             The game lasted 00:04:49 (3156 turns).

Monkooky the Trooper (Mummy Monk)                   Turns: 3156, Time: 00:04:50

Health: -2/46      AC:  2    Str: 17    XL:     5   Next: 87%
Magic:  9/9        EV: 12    Int:  9    God:    Ashenzari [**....]
Gold:   168        SH:  0    Dex: 14    Spells: 7/10 levels left

rFire   x . .        m - +0 flail "Optimism of Ashenzari" {Alch, Bglg} (curse)
rCold   + . .        c - orb of the Manifest Firmament {light, Self, Fort} (curse)
rNeg    + + +        b - +0 robe of Ashenzari's Seer {Range, Elem} (curse)
rPois   ∞            (no helmet)
rElec   .            (no cloak)
rCorr   .            (no gloves)
SInv    +            (no boots)
Will    .....        (no amulet)
Stlth   +            (no ring)
HPRegen 0.27/turn    (no ring)
MPRegen 0.11/turn

%: faith
@: glowing
A: cold resistance 1, negative energy resistance 3, torment resistance 2, heat
vulnerability 1, in touch with death 1, no potions, faith
a: Renounce Religion, Curse Item, Shatter the Chains


You were on level 4 of the Dungeon.
You worshipped Ashenzari.
Ashenzari was pleased with you.
You visited 1 branch of the dungeon, and saw 5 of its levels.

You collected 168 gold pieces.

Inventory:

Hand Weapons
 a - a +0 mace
 e - a +2 dagger of venom
 m - the cursed +0 flail "Optimism of Ashenzari" (weapon) {Alch, Bglg}
   (You took it off an orc on level 3 of the Dungeon)

   It has a curse which improves the following skills: Alchemy: Poison Magic and
   Transmutations.
   Beguiling: Conjurations, Hexes and Translocations.
Missiles
 j - a throwing net
 l - 4 atropa-tipped darts
Armour
 b - the cursed +0 robe of Ashenzari's Seer (worn) {Range, Elem}

   It has a curse which improves the following skills: Ranged Combat: Ranged
   Weapons and Throwing.
   Elements:  Fire Magic, Ice Magic, Air Magic and Earth Magic.
 c - the cursed orb of the Manifest Firmament (worn) {light, Self, Fort}

   It has a curse which improves the following skills: Introspection: Fighting
   and Spellcasting.
   Fortitude: Armour and Shields.
 i - a +0 ring mail
 n - a +2 chain mail of poison resistance
Jewellery
 h - an amulet of guardian spirit
Wands
 o - a wand of charming (9)
Scrolls
 d - 3 scrolls of identify
 f - a scroll of enchant weapon
 g - 4 scrolls of amnesia
 k - 2 scrolls of enchant armour
 p - a scroll of vulnerability


   Skills:
 - Level 5.0(6.1) Fighting
 - Level 3.3 Maces & Flails
 - Level 2.4 Dodging
 * Level 2.2(3.1) Spellcasting
 + Level 0.7(1.3) Conjurations
 + Level 0.8(1.4) Air Magic
 + Level 0.8(1.4) Poison Magic


You had 7 spell levels left.
You knew the following spells:

 Your Spells              Type           Power      Damage    Failure   Level
a - Mephitic Cloud        Conj/Pois/Air  4%         N/A       45%         3

Your spell library contained the following spells:

 Spells                   Type           Power      Damage    Failure   Level
 Magic Dart               Conj           12%        1d3       17%         1
 Call Imp                 Summ           2%         N/A       41%         2
 Petrify                  Tmut/Erth      1%         N/A       95%         4
 Metabolic Englaciation   Hex/Ice        0%         N/A       100%        5
 Statue Form              Tmut/Erth      Unusable   N/A       N/A         6

Dungeon Overview and Level Annotations

Branches:
Dungeon (5/15)             Temple (0/1) D:4

Altars:
Ashenzari
Makhleb
Nemelex Xobeh
Okawaru
Ru
Wu Jian
Xom


Innate Abilities, Weirdness & Mutations

You are immune to poison.
Your flesh is cold resistant. (rC+)
You are immune to negative energy. (rN+++)
You are immune to unholy pain and torment.
You are vulnerable to heat. (rF-)
You are in touch with the powers of death.
You do not drink.
You have a special connection with the divine. (Faith)


Message History

There is a stone staircase leading down here.
You climb downwards.
Found 5 stones.
There is a stone staircase leading up here.
Found 4 stones.
You see here 5 stones. 2 gnolls come into view.
The gnoll shouts! x2; You hear a shout!
The gnoll moves out of view.
A gnoll is nearby!
A gnoll sergeant and a gnoll come into view.
Found 11 gold pieces.
The gnoll shouts!
The gnoll barely misses you.
You barely miss the gnoll. The gnoll completely misses you.
You barely miss the gnoll.
The gnoll sergeant hits you from afar with a +0 trident.
The gnoll hits you with a +0 club.
You see here 5 stones.
There is a stone staircase leading up here.
The gnoll sergeant hits you with a +0 trident!
There is a stone staircase leading up here.
The gnoll sergeant closely misses you.
You climb upwards.
There is a stone staircase leading down here.
You hit the gnoll sergeant but do no damage.
The gnoll sergeant closely misses you.
You sock the gnoll sergeant!
The gnoll sergeant is moderately wounded.
The gnoll sergeant hits you with a +0 trident.
You completely miss the gnoll sergeant.
The gnoll sergeant is moderately wounded.
The gnoll sergeant hits you with a +0 trident! x2
You hit the gnoll sergeant but do no damage.
The gnoll sergeant is moderately wounded.
The gnoll sergeant hits you with a +0 trident!
* * * LOW HITPOINT WARNING * * *
The gnoll sergeant attacks as you move away!
The gnoll sergeant hits you with a +0 trident!
You die...

..............#.^.#.###....#
#.............#............#
........>....##........#...#
...................##..##.##
.#....................#####
.......................##
..................#.#...##
...............g..###....#
........#.......@## #..###
......###........## ####
###....#).........#
##.......>........#
##...............##
.)............####
.........###...#
#...###.###....## ##......#
##....#


You could see a gnoll sergeant.

Vanquished Creatures
  A scorpion (D:3)
  A hound (D:4)
  A sleepcap (D:4)
  An iguana (D:4)
  3 adders
  A dart slug (D:4)
  12 orcs
  5 ball pythons
  7 endoplasms
  4 giant cockroaches
  4 hobgoblins
  6 kobolds
  2 quokkas (D:1)
  4 bats
  6 frilled lizards
  7 goblins
  4 rats
69 creatures vanquished.

Notes
Turn   | Place    | Note
-------+----------+-------------------------------------------
     0 | D:1      | Monkooky the Mummy Monk began the quest for the Orb.
     0 | D:1      | Reached XP level 1. HP: 18/18 MP: 1/1
   347 | D:1      | Reached XP level 2. HP: 24/24 MP: 2/2
   889 | D:2      | Reached skill level 4 in Fighting
   961 | D:2      | Gained mutation: You are in touch with the powers of death.
                  | [Mummy growth]
   961 | D:2      | Reached XP level 3. HP: 27/30 MP: 3/3
  1034 | D:2      | Found a broken altar of Ashenzari.
  1051 | D:2      | Became a worshipper of Ashenzari the Shackled
  1116 | D:2      | Reached * piety under Ashenzari
  1771 | D:3      | Found a sparkling altar of Nemelex Xobeh.
  1781 | D:3      | Reached XP level 4. HP: 32/40 MP: 4/4
  1785 | D:3      | Reached skill level 5 in Fighting
  1861 | D:3      | Noticed a scorpion
  1874 | D:3      | Killed a scorpion
  2249 | D:3      | Found a shimmering altar of Xom.
  2249 | D:3      | Found a sacrificial altar of Ru.
  2250 | D:3      | Found an ornate altar of the Wu Jian Council.
  2310 | D:4      | Reached XP level 5. HP: 41/46 MP: 5/5
  2343 | D:4      | Reached ** piety under Ashenzari
  2364 | D:4      | Learned a level 3 spell: Mephitic Cloud
  2585 | D:4      | Reached skill level 1 in Spellcasting
  2719 | D:4      | Found a staircase to the Ecumenical Temple.
  2943 | D:4      | Found a burning altar of Makhleb.
  2943 | D:4      | Found a faded altar of an unknown god.
  2951 | D:4      | Found a faded altar of an unknown god.
  2955 | D:4      | Found an iron altar of Okawaru.
  3135 | D:5      | Entered Level 5 of the Dungeon
  3156 | D:4      | Slain by a gnoll sergeant

Illustrated notes

Levels and vault maps discovered:
D:1:      ebering_trefoil_twist, layout_basic
D:2:      layout_basic, basic_altar, minmay_tromino_v4_a
D:3:      layout_basic, nemelex_diamond_rough_becter,
          gammafunk_temple_overflow_claw
D:4:      layout_cave_pools, chequers_temple_overflow_minitemple,
          minmay_temple_entry_offerings
D:5:      layout_gridville, minmay_misc_feat_cross, minmay_ogre_servants

Skill      XL: |  1  2  3  4  5 |
---------------+----------------+-----
Fighting       | 4 5 |  5.0
Maces & Flails | 3 |  3.3
Spellcasting   | 2 |  2.2
Dodging        | |  2.4
Conjurations   | |  0.7
Air Magic      | |  0.8
Poison Magic   | |  0.8

Action                     |  1- 3 |  4- 6 || total
---------------------------+-------+-------++-------
  Melee: Mace              |    15 |       ||    15
         Dagger            |    79 |     7 ||    86
         Flail             |       |    76 ||    76
 Invoke: Curse Item        |     2 |     1 ||     3
 Armour: Robe              |    10 |    14 ||    24
  Dodge: Dodged            |    58 |    55 ||   113

Table legend: (Time is in decaauts)
 A = Elapsed time spent in this place.
 B = Non-inter-level travel time spent in this place.
 C = Inter-level travel time spent in this place.
 D = Time resting spent in this place.
 E = Time spent auto-exploring this place.
 F = Levels seen in this place.
 G = Mean time per level.
                   A        B        C        D        E       F      G
               +--------+--------+--------+--------+--------+-----+--------+
         Total |   3175 |   3073 |    102 |     20 |   2556 |   5 |  635.0 |
       Dungeon |   3175 |   3073 |    102 |     20 |   2556 |   5 |  635.0 |
               +--------+--------+--------+--------+--------+-----+--------+

Top non-repeatable levels by time:
     D:4: 850 daAuts
     D:2: 842 daAuts
     D:3: 754 daAuts
     D:1: 711 daAuts
     D:5: 16 daAuts
